 Dungeon Crawl Stone Soup version 0.21.0 (console) character file.

254 Kloppie the Skirmisher (level 5, 0/50 HPs)
             Began as a Minotaur Fighter on Jan 7, 2018.
             Slain by Grinder (6 damage)
             ... while paralysed by Grinder
             ... on level 4 of the Dungeon.
             The game lasted 00:02:14 (1934 turns).

Kloppie the Skirmisher (Minotaur Fighter)           Turns: 1934, Time: 00:02:14

Health: 0/50       AC:  6    Str: 22    XL:     5   Next: 91%
Magic:  0/4        EV:  2    Int:  5    God:
Gold:   120        SH:  0    Dex:  9    Spells: 4/4 levels left

rFire    . . .     SeeInvis .   a - +0 flail
rCold    . . .     Gourm    .   c - +0 shield
rNeg     . . .     Faith    .   b - +0 scale mail
rPois    .         Spirit   +   (helmet restricted)
rElec    .         Reflect  .   l - scarf {Spirit}
rCorr    .         Harm     .   (no gloves)
MR       .....                  (no boots)
Stlth    ..........             (no amulet)
HPRegen  0.16/turn              (no ring)
MPRegen  0.09/turn              (no ring)

@: paralysed, flying
A: retaliatory headbutt, horns 2
a: no special abilities


You were on level 4 of the Dungeon.
You were not hungry.

You visited 1 branch of the dungeon, and saw 4 of its levels.

You collected 120 gold pieces.

Inventory:

Hand Weapons
 a - a +0 flail (weapon)
Armour
 b - a +0 scale mail (worn)
 c - a +0 shield (worn)
 l - a scarf of spirit shield (worn)
Jewellery
 m - an uncursed ring of ice {unknown}
 r - an uncursed amulet of faith {unknown}
Wands
 n - a wand of iceblast (3)
Scrolls
 e - a scroll of remove curse {unknown}
 i - 6 scrolls of identify {unknown}
 j - a scroll of fog {unknown}
 k - 5 scrolls of teleportation {unknown}
 p - a scroll of random uselessness {unknown}
 q - 2 scrolls of enchant weapon {unknown}
Potions
 h - 3 potions of curing
Comestibles
 f - 7 rations


   Skills:
 + Level 6.2 Fighting
 + Level 5.5 Maces & Flails
 - Level 3.6 Armour
 - Level 3.6 Shields


You had 4 spell levels left.
You didn't know any spells.

Dungeon Overview and Level Annotations

Branches:
Dungeon (4/15)
 Temple: D:4-7

Altars:

Annotations:
D:4 Grinder


Innate Abilities, Weirdness & Mutations

You reflexively headbutt those who attack you in melee.
You have a pair of horns on your head.


Message History

Grinder is moderately wounded.
Grinder hits you but does no damage. Grinder hits you!
* * * LOW HITPOINT WARNING * * *
You writhe in agony.
* * * LOW HITPOINT WARNING * * *
You feel better. Grinder hits you but does no damage.
There is a stone staircase leading up here.
Grinder gestures at you.
You suddenly lose the ability to move!
Grinder hits you.
* * * LOW HITPOINT WARNING * * *
You writhe in agony.
* * * LOW HITPOINT WARNING * * *
Grinder gestures at you. Pain shoots through your body!
* * * LOW HITPOINT WARNING * * *
Grinder hits you.
* * * LOW HITPOINT WARNING * * *
You writhe in agony.
You die...

### ..# #.# #
##.###.##.###.
#.............
#[# #<#
#.##.###@#
#......5.#
#.......##
#.......#
#.......#
#.......#
#.......#
#.......#
.........


You could see Grinder.

Vanquished Creatures
  Duvessa (D:4)
  Dowan (D:3)
  3 adders
  2 gnolls
  3 worms
  A leopard gecko (D:1)
  An orc (D:3)
  3 giant cockroaches
  9 goblins
  A hobgoblin (D:1)
  2 jackals (D:1)
  6 kobolds
  2 bats (D:2)
  3 frilled lizards
  7 rats
45 creatures vanquished.

Notes
Turn   | Place    | Note
-------+----------+-------------------------------------------
     0 | D:1      | Kloppie the Minotaur Fighter began the quest for the Orb.
     0 | D:1      | Reached XP level 1. HP: 19/19 MP: 0/0
   165 | D:1      | Reached skill level 4 in Fighting
   184 | D:1      | Reached XP level 2. HP: 23/27 MP: 1/1
   528 | D:1      | Reached XP level 3. HP: 34/34 MP: 2/2
  1180 | D:3      | Reached XP level 4. HP: 36/41 MP: 3/3
  1185 | D:3      | Reached skill level 5 in Fighting
  1553 | D:4      | Noticed Duvessa
  1553 | D:4      | Noticed Dowan
  1559 | D:4      | Killed Duvessa
  1559 | D:4      | Reached skill level 5 in Maces & Flails
  1559 | D:4      | Reached XP level 5. HP: 36/50 MP: 4/4
  1565 | D:4      | Noticed Grinder
  1565 | D:4      | Paralysed by Grinder for 2 turns
  1584 | D:3      | Killed Dowan
  1584 | D:3      | Reached skill level 6 in Fighting
  1920 | D:4      | Paralysed by Grinder for 2 turns
  1931 | D:4      | Paralysed by Grinder for 7 turns
  1934 | D:4      | Slain by Grinder

Skill      XL: |  1  2  3  4  5 |
---------------+----------------+-----
Fighting       | 4 5 6 |  6.2
Maces & Flails | 3 4 5 |  5.5
Armour         | |  3.6
Shields        | |  3.6

Action                   |  1- 3 |  4- 6 || total
-------------------------+-------+-------++-------
Melee: Flail             |    74 |    42 ||   116
       Headbutt          |    11 |     3 ||    14
  Use: Potion            |       |     5 ||     5
  Eat: Chunk             |     1 |     2 ||     3
Armor: Scale mail        |    30 |    14 ||    44
Dodge: Dodged            |    21 |    10 ||    31
Block: Shield            |    29 |    26 ||    55
